 Dungeon Crawl Stone Soup version 0.25-a0-263-g9d16a9d099 (webtiles) character file.

Game seed: 2162772870787268395, levelgen mode: deterministic

28 Redear the Shield-Bearer (level 3, -3/26 HPs)
             Began as an Octopode Fighter on Dec 7, 2019.
             Slain by a gnoll
             ... wielding a +1 spear of distortion
              (12 damage)
             ... on level 1 of the Dungeon.
             The game lasted 00:00:40 (665 turns).

Redear the Shield-Bearer (Octopode Fighter)          Turns: 665, Time: 00:00:40

Health: -3/26      AC:  1    Str: 15    XL:     3   Next: 14%
Magic:  3/3        EV: 12    Int: 10    God:
Gold:   48         SH:  8    Dex: 12    Spells: 2/2 levels left

rFire    . . .     SeeInvis .   a - +0 long sword
rCold    . . .     Gourm    .   b - +0 shield
rNeg     . . .     Faith    .   (helmet restricted)
rPois    .         Spirit   .   (no amulet)
rElec    .         Reflect  .   (no ring)
rCorr    .         Harm     .   (no ring)
MR       .....                  (no ring)
Stlth    +++.......             (no ring)
HPRegen  0.08/turn              (no ring)
MPRegen  0.08/turn              (no ring)
                                (no ring)
                                (no ring)

@: no status effects
A: almost no armour, stealthy swim, amphibious, 8 rings, constrict 8, camouflage
1, gelatinous body 1
a: no special abilities


You were on level 1 of the Dungeon.
You were not hungry.

You visited 1 branch of the dungeon, and saw 1 of its levels.

You collected 48 gold pieces.

Inventory:

Hand Weapons
 a - a +0 long sword (weapon)
Armour
 b - a +0 shield (worn)
Scrolls
 d - 2 scrolls of immolation {unknown}
 f - a scroll of enchant armour {unknown}
 g - a scroll of random uselessness {unknown}
Potions
 c - a potion of might {Str+5 DMG+1d10 | @q3}
 e - 2 potions of curing {unknown}
Comestibles
 z - 3 rations


   Skills:
 + Level 3.2 Fighting
 + Level 2.3 Long Blades
 + Level 3.2 Dodging
 + Level 1.4 Stealth
 + Level 3.2 Shields


You had 2 spell levels left.
You didn't know any spells.
Your spell library was empty.

Dungeon Overview and Level Annotations

Branches:
Dungeon (1/15)

Altars:


Innate Abilities, Weirdness & Mutations

You cannot wear most types of armour.
You are very stealthy in the water. (Stealth+)
You are amphibious.
You can wear up to eight rings at the same time.
You can use your tentacles to constrict eight enemies at once.
Your skin changes colour to match your surroundings (Stealth+).
Your rubbery body absorbs attacks. (AC +1, EV +1)


Message History

Unknown command.
The gnoll barely misses you.
There are monsters nearby!
You barely miss the gnoll. You grab the gnoll.
You squeeze the gnoll, but do no damage.
You constrict the gnoll. You block the gnoll's attack.
Unknown command.
You hit the gnoll but do no damage.
The gnoll is lightly wounded.
You constrict the gnoll.
The gnoll hits you with a +1 spear of distortion.
Space warps horribly around you! The kobold closely misses you.
You take 11 damage, and have 15/26 hp.
MASSIVE DAMAGE!!
You hit the gnoll but do no damage.
The gnoll is lightly wounded.
You constrict the gnoll.
The gnoll hits you with a +1 spear of distortion.
Space warps horribly around you!
You die...

..........##.#.##'
###########........#..
#................###.. #
#.###.........######.#
#.#+###'#######.#.#.....
#..........# #†#.#.##.#
#..........# #.#....#.#
#......(...# #.#....#.#
.......@...# #.#....#.#
##.....gK..# #.#....#..
#.........# #.#.######
#.........# #.#.......
........#### #.########
################.#.......
..# #..(#.[.....#.######
#.# #.#.#.#######.# #.#
#.#.#.#######.####


You could see a gnoll and a kobold.

Vanquished Creatures
  A dart slug (D:1)
  A leopard gecko (D:1)
  2 giant cockroaches (D:1)
  4 goblins (D:1)
  4 hobgoblins (D:1)
  2 bats (D:1)
  2 frilled lizards (D:1)
  5 kobolds (D:1)
  A rat (D:1)
22 creatures vanquished.

Notes
Turn   | Place    | Note
-------+----------+-------------------------------------------
     0 | D:1      | Redear the Octopode Fighter began the quest for the Orb.
     0 | D:1      | Reached XP level 1. HP: 16/16 MP: 1/1
    31 | D:1      | Reached XP level 2. HP: 11/21 MP: 2/2
   109 | D:1      | Reached skill level 1 in Stealth
   268 | D:1      | Reached XP level 3. HP: 26/26 MP: 3/3
   665 | D:1      | Slain by a gnoll

Levels and vault maps discovered:
D:1:      minmay_arrival_doors, layout_basic

Skill      XL: |  1  2 |
---------------+-------+-----
Stealth        | 1 |  1.4
Fighting       | |  3.2
Long Blades    | |  2.3
Dodging        | |  3.2
Shields        | |  3.2

Action                   || total
-------------------------++-------
Melee: Long sword        ||    41
       Constrict         ||    10
       Tentacles         ||     4
 Stab: Sleeping          ||     3
Armor: Skin              ||     5
Dodge: Dodged            ||    15
Block: Shield            ||    17
       Rpst.: Long sword ||     2

Table legend:
 A = Non-vault XP
 B = Vault XP
 C = Vault XP percentage of total XP
 D = Non-vault monster count
 E = Vault monster count
 F = Vault count percentage of total count
                 A         B        C        D         E       F
            +---------+---------+-------+---------+---------+-------
      Total |      41 |       0 |   0.0 |      22 |       0 |   0.0
            +---------+---------+-------+---------+---------+-------
        D:1 |      41 |       0 |   0.0 |      22 |       0 |   0.0
            +---------+---------+-------+---------+---------+-------
